 Dungeon Crawl Stone Soup version 0.22.0-49-gab54619674 (webtiles) character file.

2396 JedernureinKreuz the Destroyer (level 9, -2/65 HPs)
             Began as a Gnoll Conjurer on Sept 8, 2018.
             Slain by a killer bee (7 damage)
             ... on level 7 of the Dungeon.
             The game lasted 00:47:39 (6620 turns).

JedernureinKreuz the Destroyer (Gnoll Conjurer)     Turns: 6620, Time: 00:47:40

Health: -2/65      AC:  4    Str: 10    XL:     9   Next: 46%
Magic:  3/18       EV: 16    Int: 25    God:
Gold:   202        SH:  0    Dex: 18    Spells: 10/21 levels left

rFire    x . .     SeeInvis .   U - +3 long sword of Cufim {slice, Int+3}
rCold    + + .     Gourm    .   (no shield)
rNeg     . . .     Faith    .   F - +1 leather armour {rC+}
rPois    .         Spirit   .   (no helmet)
rElec    .         Reflect  .   (no cloak)
rCorr    .         Harm     .   (no gloves)
MR       .....                  (no boots)
Stlth    +++.......             (no amulet)
HPRegen  0.20/turn              t - ring of ice
MPRegen  0.16/turn              e - +3 ring of dexterity

@: lethally poisoned (-2 -> -4)
A: distributed training, fangs 1, strong nose
a: no special abilities


You were on level 7 of the Dungeon.
You were not hungry.

You visited 1 branch of the dungeon, and saw 7 of its levels.

You collected 202 gold pieces.

Inventory:

Hand Weapons
 a - a +0 short sword of electrocution
 b - a +0 shortbow
 d - a +0 whip
 f - a +0 spear
 m - a +0 hunting sling
 B - a +0 halberd
 E - a cursed -2 morningstar
 I - a +2 flail of holy wrath
 U - the +3 long sword of Cufim (weapon) {slice, Int+3}
   (You found it on level 7 of the Dungeon)

   It inflicts extra damage upon your enemies.
   It affects your intelligence (+3).
Missiles
 h - 111 sling bullets
 n - 18 bolts
 o - 14 needles of confusion
 s - 192 stones
 x - 2 throwing nets (quivered)
 D - 2 tomahawks
 J - 111 arrows
Armour
 F - a +1 leather armour of cold resistance (worn)
 H - a +2 chain mail of fire resistance
Jewellery
 e - a +3 ring of dexterity (right hand)
 t - a ring of ice (left hand)
 y - an uncursed ring of ice
 O - an uncursed ring of ice
 Q - a +3 ring of intelligence {unknown}
 S - a +4 ring of dexterity
Wands
 P - a wand of paralysis (14)
Scrolls
 g - 6 scrolls of identify {unknown}
 i - 5 scrolls of random uselessness {unknown}
 j - a scroll of enchant weapon {unknown}
 k - a scroll of blinking {unknown}
 l - 4 scrolls of teleportation {unknown}
 p - a scroll of immolation {unknown}
 r - 5 scrolls of remove curse
 u - a scroll of fear {unknown}
 w - a scroll of enchant armour {unknown}
 z - a scroll of amnesia {unknown}
 C - 3 scrolls of fog {unknown}
 K - 2 scrolls of magic mapping {unknown}
Potions
 q - a potion of cancellation {unknown}
 v - 3 potions of lignification {unknown}
 A - 2 potions of heal wounds {unknown}
 G - a potion of magic {unknown}
 L - a potion of agility {unknown}
 M - 2 potions of haste {unknown}
 N - a potion of flight {unknown}
 R - a potion of degeneration {unknown}
 T - a potion of berserk rage {unknown}
Comestibles
 c - 12 rations


   Skills:
 + Level 4.2 Fighting
 + Level 4.2 Short Blades
 + Level 4.2 Long Blades
 + Level 4.2 Axes
 + Level 4.2 Maces & Flails
 + Level 4.2 Polearms
 + Level 4.2 Staves
 + Level 4.2 Slings
 + Level 4.2 Bows
 + Level 4.2 Crossbows
 + Level 4.2 Throwing
 + Level 4.2 Armour
 + Level 6.3 Dodging
 + Level 6.0 Stealth
 + Level 4.2 Shields
 + Level 4.2 Unarmed Combat
 + Level 6.6 Spellcasting
 + Level 8.0 Conjurations
 + Level 3.4 Hexes
 + Level 3.4 Charms
 + Level 3.4 Summonings
 + Level 3.4 Necromancy
 + Level 3.4 Translocations
 + Level 3.4 Transmutations
 + Level 3.4 Fire Magic
 + Level 3.4 Ice Magic
 + Level 3.4 Air Magic
 + Level 3.4 Earth Magic
 + Level 3.4 Poison Magic
 + Level 4.6 Invocations
 + Level 4.2 Evocations


You had 10 spell levels left.
You knew the following spells:

 Your Spells              Type           Power        Failure   Level  Hunger
a - Magic Dart            Conj           ####         1%          1    None
b - Iskenderun's Mystic   Conj           #####...     3%          4    ###....
c - Dazzling Spray        Conj/Hex       #####.       2%          3    None
d - Confuse               Hex            ####....     7%          3    None

Your spell library contained the following spells:

 Spells                   Type           Power        Failure   Level  Hunger
 Searing Ray              Conj           #####.       1%          2    None
 Confusing Touch          Hex            ####..       2%          1    None
 Gell's Gravitas          Tloc           ####......   7%          3    None
 Force Lance              Conj/Tloc      #####...     9%          4    ###....
 Fulminant Prism          Conj/Hex       #####.....   9%          4    ###....
 Petrify                  Tmut/Erth      ####....     22%         4    ###....
 Iskenderun's Battlesphe  Conj/Chrm      #####...     24%         5    #####..
 Venom Bolt               Conj/Pois      #####.....   24%         5    #####..
 Bolt of Magma            Conj/Fire/Erth ####......   32%         5    #####..
 Metabolic Englaciation   Hex/Ice        #####.....   52%         5    #####..
 Yara's Violent Unravell  Hex/Tmut       ####......   52%         5    #####..
 Iron Shot                Conj/Erth      #####.....   80%         6    ######.
 Orb of Destruction       Conj           #####.....   96%         7    #######
 Spellforged Servitor     Conj/Summ      #####.....   100%        7    #######


Dungeon Overview and Level Annotations

Branches:
Dungeon (7/15)             Temple (0/1) D:4

Altars:
Fedhas
Gozag
Xom


Innate Abilities, Weirdness & Mutations

Your experience applies equally to all skills.
You have very sharp teeth.
Your uncanny sense of smell can sniff out nearby items.


Message History

The killer bee is moderately wounded.
Casting: Magic Dart (safe; 1% risk of failure)
Confirm with . or Enter, or press ? or * to list all spells.
Aiming: Magic Dart (safe; 1% risk of failure)
Press: ? - help, Shift-Dir - straight line, f/p - killer bee
Aim: a killer bee (moderately wounded)
The magic dart hits the killer bee.
The killer bee is severely wounded.
You feel sick.
The killer bee stings you but does no damage.
The killer bee misses you.
Casting: Magic Dart (safe; 1% risk of failure)
Confirm with . or Enter, or press ? or * to list all spells.
Aiming: Magic Dart (safe; 1% risk of failure)
Press: ? - help, Shift-Dir - straight line, f/p - killer bee
Aim: a killer bee (severely wounded)
The magic dart hits the killer bee.
The killer bee is severely wounded.
The killer bee barely misses you. The killer bee stings you!
You die...

#### #... #... #... #...
#... #...
################## #...
...........÷...†@# #...
################y########
#... #.†.......# ####
#.........# #.........#
#.........# #.....÷...#
#.........# #.........#


You could see a killer bee.

Vanquished Creatures
  A hippogriff (D:6)
  An ice beast (D:5)
  A sky beast (D:6)
  2 phantoms (D:6)
  2 ogres
  3 centaurs
  3 bullfrogs
  2 scorpions
  4 killer bees (D:7)
  2 crimson imps
  3 jellies
  A quasit (D:7)
  A bullfrog zombie (D:7)
  4 orc priests (D:4)
  A hound (D:4)
  An orc wizard (D:4)
  A gnoll shaman (D:4)
  An iguana (D:4)
  3 worker ants
  2 hound zombies
  2 hound skeletons
  14 gnolls
  A worker ant zombie (D:7)
  10 adders
  3 shadow imps
  An ooze (D:1)
  An adder skeleton (D:4)
  3 worms (D:2)
  4 dart slugs
  4 leopard geckos
  16 orcs
  4 ball pythons
  10 giant cockroaches
  8 goblins
  4 hobgoblins
  3 jackals (D:4)
  7 kobolds
  4 quokkas
  11 bats
  A frilled lizard (D:3)
  A leopard gecko skeleton (D:5)
  A quokka skeleton (D:4)
  8 rats
160 creatures vanquished.

Notes
Turn   | Place    | Note
-------+----------+-------------------------------------------
     0 | D:1      | JedernureinKreuz the Gnoll Conjurer began the quest for the
                  | Orb.
     0 | D:1      | Reached XP level 1. HP: 13/13 MP: 6/6
   124 | D:1      | Reached XP level 2. HP: 19/19 MP: 1/7
   331 | D:1      | Reached XP level 3. HP: 25/25 MP: 3/9
   474 | D:1      | Reached skill level 5 in Spellcasting
   665 | D:1      | Reached skill level 1 in Invocations
   979 | D:2      | Reached skill level 1 in Fighting
   979 | D:2      | Reached skill level 1 in Short Blades
   979 | D:2      | Reached skill level 1 in Long Blades
   979 | D:2      | Reached skill level 1 in Axes
   979 | D:2      | Reached skill level 1 in Maces & Flails
   979 | D:2      | Reached skill level 1 in Polearms
   979 | D:2      | Reached skill level 1 in Staves
   979 | D:2      | Reached skill level 1 in Slings
   979 | D:2      | Reached skill level 1 in Bows
   979 | D:2      | Reached skill level 1 in Crossbows
   979 | D:2      | Reached skill level 1 in Throwing
   979 | D:2      | Reached skill level 1 in Armour
   979 | D:2      | Reached skill level 1 in Shields
   979 | D:2      | Reached skill level 1 in Unarmed Combat
   979 | D:2      | Reached skill level 1 in Evocations
   983 | D:2      | Reached XP level 4. HP: 32/32 MP: 3/11
  1028 | D:2      | Found a blossoming altar of Fedhas.
  1235 | D:2      | Reached skill level 1 in Hexes
  1235 | D:2      | Reached skill level 1 in Charms
  1235 | D:2      | Reached skill level 1 in Summonings
  1235 | D:2      | Reached skill level 1 in Necromancy
  1235 | D:2      | Reached skill level 1 in Translocations
  1235 | D:2      | Reached skill level 1 in Transmutations
  1235 | D:2      | Reached skill level 1 in Fire Magic
  1235 | D:2      | Reached skill level 1 in Ice Magic
  1235 | D:2      | Reached skill level 1 in Air Magic
  1235 | D:2      | Reached skill level 1 in Earth Magic
  1235 | D:2      | Reached skill level 1 in Poison Magic
  1506 | D:2      | Reached XP level 5. HP: 37/37 MP: 10/12
  1872 | D:3      | Reached XP level 6. HP: 43/44 MP: 8/13
  2336 | D:3      | Learned a level 4 spell: Iskenderun's Mystic Blast
  2340 | D:3      | Learned a level 3 spell: Dazzling Spray
  2352 | D:4      | Reached skill level 5 in Dodging
  2629 | D:4      | Reached XP level 7. HP: 49/50 MP: 0/15
  3179 | D:4      | Found a staircase to the Ecumenical Temple.
  3331 | D:4      | Found an opulent altar of Gozag.
  3676 | D:4      | Found a shimmering altar of Xom.
  3678 | D:4      | Found an ornate altar of the Wu Jian Council.
  3678 | D:4      | Found a glowing silver altar of Zin.
  3680 | D:4      | Found a snail-covered altar of Cheibriados.
  3680 | D:4      | Found an opulent altar of Gozag.
  3680 | D:4      | Found an iron altar of Okawaru.
  3923 | D:5      | Entered Level 5 of the Dungeon
  3931 | D:5      | Reached skill level 5 in Stealth
  4159 | D:5      | Reached XP level 8. HP: 57/57 MP: 9/16
  4171 | D:5      | Learned a level 3 spell: Confuse
  4424 | D:6      | Noticed a hippogriff
  4541 | D:6      | Killed a hippogriff
  4968 | D:6      | Reached XP level 9. HP: 27/65 MP: 16/18
  5707 | D:7      | Found a shimmering altar of Xom.
  5989 | D:7      | Got a bloodstained long sword
  5990 | D:7      | Identified the cursed +3 long sword of Cufim {slice, Int+3}
                  | (You found it on level 7 of the Dungeon)
  6607 | D:7      | Reached skill level 8 in Conjurations
  6620 | D:7      | Slain by a killer bee

Skill      XL: |  1  2  3  4  5  6  7  8  9 |
---------------+----------------------------+-----
Spellcasting   | 5 6 |  6.6
Invocations    | 1 2 3 4 |  4.6
Fighting       | 1 2 3 4 |  4.2
Short Blades   | 1 2 3 4 |  4.2
Long Blades    | 1 2 3 4 |  4.2
Axes           | 1 2 3 4 |  4.2
Maces & Flails | 1 2 3 4 |  4.2
Polearms       | 1 2 3 4 |  4.2
Staves         | 1 2 3 4 |  4.2
Slings         | 1 2 3 4 |  4.2
Bows           | 1 2 3 4 |  4.2
Crossbows      | 1 2 3 4 |  4.2
Throwing       | 1 2 3 4 |  4.2
Armour         | 1 2 3 4 |  4.2
Shields        | 1 2 3 4 |  4.2
Unarmed Combat | 1 2 3 4 |  4.2
Evocations     | 1 2 3 4 |  4.2
Hexes          | 1 2 3 |  3.4
Charms         | 1 2 3 |  3.4
Summonings     | 1 2 3 |  3.4
Necromancy     | 1 2 3 |  3.4
Translocations | 1 2 3 |  3.4
Transmutations | 1 2 3 |  3.4
Fire Magic     | 1 2 3 |  3.4
Ice Magic      | 1 2 3 |  3.4
Air Magic      | 1 2 3 |  3.4
Earth Magic    | 1 2 3 |  3.4
Poison Magic   | 1 2 3 |  3.4
Dodging        | 5 6 |  6.3
Stealth        | 5 6 |  6.0
Conjurations   | 8 |  8.0

Action                   |  1- 3 |  4- 6 |  7- 9 || total
-------------------------+-------+-------+-------++-------
Melee: Spear             |    10 |    11 |       ||    21
       Dagger            |       |    36 |    15 ||    51
       Bite              |       |     6 |    12 ||    18
       Short sword       |       |       |    68 ||    68
       Punch             |       |       |     5 ||     5
       Long sword        |       |       |    20 ||    20
 Cast: Magic Dart        |    55 |   155 |   180 ||   390
       Iskenderun's Myst |       |     1 |    14 ||    15
       Dazzling Spray    |       |       |     5 ||     5
       Confuse           |       |       |    17 ||    17
Evoke: Wand              |       |       |     1 ||     1
  Use: Scroll            |       |       |     1 ||     1
 Stab: Invisible         |       |       |     3 ||     3
       Confused          |       |       |     4 ||     4
       Sleeping          |       |       |     3 ||     3
  Eat: Chunk             |       |     5 |     8 ||    13
       Ration            |       |       |     2 ||     2
Armor: Robe              |     1 |     3 |       ||     4
       Leather armour    |       |     5 |    24 ||    29
Dodge: Dodged            |     7 |    67 |   135 ||   209
       Rpst.: Long sword |       |       |    13 ||    13
